Map: Prion Terraces

Players

Solasce - Winner!

  • Race: Zerg Zerg
  • League: Diamond

LilDicky

  • Race: Terran Terran
  • League: Diamond

VOD

http://www.twitch.tv/tumescentpie

Description

Time

  • Played on: Dec. 7, 2015, 5:09 p.m.
  • Length: 8:20
Show
View Real Time Build Order
Export as new Build Order

Solasce Zerg - Winner!

Build Orders: Hatch First 

Get SALT Encoding   

  12  0:01  Drone  
  13  0:12  Overlord  
  13  0:17  Drone  
  14  0:31  Drone x2  
  16  0:44  Drone  
  17  0:55  Drone  
  18  0:57  Hatchery  
  18  0:59  Drone  
  18  1:02  Extractor  
  17  1:07  Drone  
  18  1:18  Spawning Pool  
  18  1:22  Drone  
  18  1:31  Drone  
  19  1:39  Drone  
  20  1:52  Overlord  
  20  2:06  Metabolic Boost  
  20  2:08  Queen  
  20  2:09  Queen  
  20  2:10  Zergling x2  
  20  2:15  Zergling x2  
  26  2:18  Drone  
  26  2:20  Drone  
  28  2:24  Drone  
  29  2:42  Drone x3  
  32  2:50  Queen  
  34  2:53  Drone x2  
  34  2:55  Overlord  
  36  3:21  Hatchery  
  36  3:22  Drone x6  
  36  3:23  Drone  
  42  3:32  Roach Warren  
  41  3:35  Extractor  
  41  3:39  Drone x3  
  41  3:40  Extractor  
  42  3:48  Overlord  
  42  3:49  Overlord  
  42  3:50  Zergling x2  
  43  4:07  Drone x6  
  43  4:08  Lair, Drone  
  50  4:28  Evolution Chamber  
  46  4:31  Evolution Chamber, Zergling x2  
  46  4:32  Zergling x18  
  55  4:42  Zergling x4  
  55  4:45  Queen x2  
  53  5:11  Queen  
  53  5:12  Glial Reconstitution  
  55  5:15  Zerg Missile Weapons Level 1, Zerg Ground Armor Level 1  
  55  5:16  Drone  
  55  5:17  Drone  
  55  5:19  Overlord  
  57  5:24  Queen  
  57  5:47  Roach x3  
  64  5:57  Roach  
  64  5:59  Overlord x2  
  64  6:00  Overlord x2  
  64  6:10  Hatchery  
  60  6:34  Ravager  
  60  6:35  Ravager x3  
  60  6:36  Roach x4  
  60  6:37  Roach x8  
  85  6:52  Roach x2  
  88  6:59  Zergling x4  
  90  7:03  Ravager  
  90  7:04  Ravager  
  90  7:16  Roach  
  92  7:24  Queen  
  92  7:26  Roach x2  
  98  7:31  Overlord x4  
Show
View Real Time Build Order
Export as new Build Order

LilDicky Terran 

Build Orders: Liberator Opening 

Get SALT Encoding   

  12  0:02  SCV  
  13  0:14  SCV  
  13  0:18  Supply Depot  
  14  0:27  SCV  
  15  0:31  Refinery  
  15  0:39  SCV  
  16  0:45  Barracks  
  16  0:51  SCV  
  17  0:59  Refinery  
  17  1:04  SCV  
  18  1:17  SCV  
  20  1:34  Marine  
  20  1:35  Factory  
  20  1:37  Orbital Command  
  20  1:47  Supply Depot  
  20  1:57  Barracks Reactor  
  20  2:02  Supply Depot  
  20  2:05  SCV  
  21  2:22  Armory  
  21  2:30  Starport  
  21  2:32  Factory Tech Lab  
  21  2:36  Marine  
  22  2:37  Marine  
  22  2:42  SCV  
  24  2:54  SCV  
  25  3:06  SCV  
  25  3:11  Thor  
  32  3:16  Medivac  
  34  3:22  Supply Depot  
  34  3:24  Marine  
  35  3:27  Marine  
  35  3:29  SCV  
  35  3:33  Liberator  
  37  3:41  SCV, Marine  
  37  3:45  Marine  
  40  3:53  SCV  
  44  3:59  Marine  
  45  4:02  Marine  
  45  4:06  Supply Depot  
  46  4:15  Siege Tank  
  49  4:17  Marine  
  49  4:20  Marine  
  43  5:29  Marine  
  43  5:30  Siege Tank  
  43  5:35  SCV  
  48  5:37  Command Center, Factory  
  48  5:41  Supply Depot  
  48  5:49  Liberator  
  48  6:01  SCV  
  48  6:03  Marine x2  
  51  6:07  Thor  
  60  6:13  SCV  
  60  6:14  Supply Depot  
  55  6:25  SCV  
  56  6:39  Factory Tech Lab  
  46  7:22  SCV  
  47  7:23  Thor x2  
  59  7:31  Command Center  
  59  7:34  SCV  
Tags
 
Add a new tag
Caveats
  • Supply blocks, unpowered buildings, or Contaminate may cause inaccurate times.
  • Supply counts are checked every 10 seconds.